 Dungeon Crawl Stone Soup version 0.29-a0-791-ga0f254aafb (webtiles) character file.

Game seed: 15992817462448514619

142 Malachi the Sneak (level 5, -3/39 HPs)
             Began as an Octopode Brigand on July 3, 2022.
             Was an Initiate of Gozag.
             Slain by a goblin
             ... wielding a +0 dagger
             ... led by Robin
              (4 damage)
             ... on level 3 of the Dungeon.
             The game lasted 00:02:44 (2316 turns).

Malachi the Sneak (Octopode Brigand)                Turns: 2316, Time: 00:02:44

Health: -3/39      AC:  1    Str: 11      XL:     5   Next: 25%
Magic:  5/5        EV: 12    Int: 10 (13) God:    Gozag
Gold:   135        SH:  0    Dex: 15      Spells: 4/4 levels left

rFire   . . .      SeeInvis .   k - +1 dagger (elec)
rCold   . . .      Faith    .   (no shield)
rNeg    . . .      Spirit   .   (helmet restricted)
rPois   .          Reflect  .   (no amulet)
rElec   .          Harm     .   (no ring)
rCorr   .          Rampage  .   (no ring)
Will    .....                   (no ring)
Stlth   ++++......              (no ring)
HPRegen 0.13/turn               (no ring)
MPRegen 0.09/turn               (no ring)
                                (no ring)
                                (no ring)

@: lethally poisoned (-3 -> -15), about to teleport, hasted, very quick
A: almost no armour, amphibious, 8 rings, camouflage 1, gelatinous body 1,
(nimble swimmer 1), tentacles
a: Renounce Religion, Potion Petition, Call Merchant, Bribe Branch


You were on level 3 of the Dungeon.
You worshipped Gozag.
Gozag was aware of your devotion.
You visited 1 branch of the dungeon, and saw 3 of its levels.

You collected 182 gold pieces.
You paid 47 gold pieces to Gozag.

Inventory:

Hand Weapons
 a - a +2 dagger
 k - a +1 dagger of electrocution (weapon)
Missiles
 b - 13 poisoned darts (quivered)
 c - 3 curare-tipped darts
 l - 4 javelins
Wands
 q - a wand of quicksilver (9)
Scrolls
 d - a scroll of enchant armour
 e - 2 scrolls of teleportation
 f - a scroll of enchant weapon
 i - 2 scrolls of brand weapon {unknown}
 j - a scroll of blinking {unknown}
 p - a scroll of poison {unknown}
 s - 2 scrolls of identify {unknown}
Potions
 g - 2 potions of haste
 h - a potion of might {unknown}
 m - a potion of cancellation {unknown}
 n - 2 potions of mutation {unknown}
 o - a potion of berserk rage {unknown}
 r - a potion of heal wounds {unknown}
 t - a potion of lignification {unknown}


   Skills:
 * Level 5.3 Fighting
 - Level 2.0 Short Blades
 - Level 2.0 Throwing
 - Level 1.0 Dodging
 - Level 5.3 Stealth


You had 4 spell levels left.
You didn't know any spells.
Your spell library was empty.

Dungeon Overview and Level Annotations

Branches:
Dungeon (3/15)

Altars:
Gozag
Vehumet
Xom

Annotations:
D:3 Grinder, Robin


Innate Abilities, Weirdness & Mutations

You cannot wear most types of armour.
You are amphibious.
You can wear up to eight rings at the same time.
Your skin changes colour to match your surroundings (Stealth+).
Your rubbery body absorbs attacks. (AC +1, EV +1)
((You are camouflaged when in or above water. (Stealth+)))
You have tentacles for arms and can constrict up to eight enemies at once.


Message History

Robin roars a battlecry!
The goblins go into a battle-frenzy!
You hit the goblin. Your grab misses the goblin.
Your squeeze misses the goblin.
The goblin is moderately wounded.
The goblin hits you with a +0 dagger. The goblin hits you but does no damage.
The goblin hits you with a +2 dagger of venom.
You are poisoned.
The goblin attacks as you move away!
The goblin hits you with a +2 dagger of venom.
You are more poisoned.
You feel very sick.
Unknown command.
As you read the scroll labelled XANOMU VOGU, it crumbles to dust.
It is a scroll of enchant armour.
You aren't carrying any armour which can be enchanted further.
You feel very sick. The goblin misses you. The frilled lizard bites you.
The goblin closely misses you.
As you read the scroll labelled TUCEIN LAEME, it crumbles to dust.
You feel strangely unstable.
It was a scroll of teleportation.
You feel sick. The goblin closely misses you. The frilled lizard bites you.
The goblin barely misses you. The goblin misses you.
As you read the scroll labelled CAICLI QOIXADE, it crumbles to dust.
It is a scroll of enchant weapon.
Your +0 dagger of electrocution glows red for a moment.
You feel sick. The goblin closely misses you.
The frilled lizard bites you but does no damage.
The goblin hits you with a +0 dagger.
* * * LOW HITPOINT WARNING * * *
The hobgoblin barely misses you.
The goblin hits you with a +2 dagger of venom.
* * * LOW HITPOINT WARNING * * *
You are more poisoned.
The goblin barely misses you.
It was a potion of haste.
You feel yourself speed up.
* * * LOW HITPOINT WARNING * * *
You feel very sick. The goblin hits you with a +0 dagger.
You die...
Your body crumbles into a pile of gold.

....# #................
|...# ##.....##.......#
....+........##.......#
....###......##......##
......#.......+......+
+####.#....####......#
....#.#.#######gg....##.
..# #. #...glgg......
..#.#. #..ggg@#.....
...... .......ggg.......
...... ...#.....l.......
#.#...
......#..........#...
#.#.#.
......#.............#
#5# #
......#.............+
#.#
......#.............# ..
#.. .. +.............#
... #.. . .............#


You could see Robin, 3 hobgoblins, 7 goblins and 2 frilled lizards.

Vanquished Creatures
  An iguana (D:3)
  A gnoll (D:1)
  6 adders
  2 dart slugs
  5 bats
  2 endoplasms
  3 giant cockroaches
  5 goblins
  8 hobgoblins
  5 jackals (D:2)
  3 kobolds (D:1)
  A quokka (D:2)
  4 frilled lizards
  4 rats
50 creatures vanquished.

Notes
Turn   | Place    | Note
-------+----------+-------------------------------------------
     0 | D:1      | Malachi the Octopode Brigand began the quest for the Orb.
     0 | D:1      | Reached XP level 1. HP: 14/14 MP: 1/1
   222 | D:1      | Reached XP level 2. HP: 20/20 MP: 2/2
   416 | D:1      | Reached XP level 3. HP: 26/26 MP: 3/3
   522 | D:1      | Found a faded altar of an unknown god.
  1111 | D:2      | Reached XP level 4. HP: 30/33 MP: 4/4
  1256 | D:1      | Prayed at the altar of an unknown god.
  1256 | D:1      | Became a worshipper of Xom of Chaos
  1375 | D:1      | XOM: silly message
  1443 | D:1      | XOM: divination: magic mapping
  1996 | D:3      | Fell from the grace of Xom
  2018 | D:3      | Found a radiant altar of Vehumet.
  2099 | D:3      | Found an opulent altar of Gozag.
  2132 | D:3      | Reached skill level 5 in Fighting
  2132 | D:3      | Reached XP level 5. HP: 33/39 MP: 5/5
  2147 | D:3      | Became a worshipper of Gozag Ym Sagoz the Greedy
  2234 | D:3      | XOM: stat loss: -3 Int (10/13)
  2261 | D:3      | Noticed Grinder
  2307 | D:3      | Noticed Robin
  2316 | D:3      | HP: 1/39 [poisoned by a goblin]
  2316 | D:3      | Slain by a goblin

Illustrated notes

Levels and vault maps discovered:
D:1:      dpeg_arrival_prison, layout_rooms, hellmonk_ecumenical_altar_zigzags,
          minmay_misc_feat_roman, serial_bayou_ford_a, hangedman_decor_opposing
D:2:      layout_rooms
D:3:      layout_basic, mainiacjoe_overflow_large_starburst, uniq_grinder,
          uniq_robin

Skill      XL: |  1  2  3  4 |
---------------+-------------+-----
Fighting       | 3 4 5 |  5.3
Short Blades   | |  2.0
Throwing       | |  2.0
Dodging        | |  1.0
Stealth        | |  5.3

Action                   |  1- 3 |  4- 6 || total
-------------------------+-------+-------++-------
Melee: Dagger            |    51 |    43 ||    94
       Tentacles         |    11 |     5 ||    16
       Constrict         |    10 |    10 ||    20
Invok: Renounce Religion |       |     1 ||     1
  Use: Scroll            |       |     3 ||     3
       Potion            |       |     1 ||     1
 Stab: Sleeping          |     7 |     5 ||    12
       Distracted        |     1 |       ||     1
Armor: Skin              |     4 |     7 ||    11
Dodge: Dodged            |    32 |    35 ||    67

Table legend: (Time is in decaauts)
 A = Elapsed time spent in this place.
 B = Non-inter-level travel time spent in this place.
 C = Inter-level travel time spent in this place.
 D = Time resting spent in this place.
 E = Time spent auto-exploring this place.
 F = Levels seen in this place.
 G = Mean time per level.
                   A        B        C        D        E       F      G
               +--------+--------+--------+--------+--------+-----+--------+
         Total |   2306 |   2213 |     93 |    317 |   1530 |   3 |  768.7 |
       Dungeon |   2306 |   2213 |     93 |    317 |   1530 |   3 |  768.7 |
               +--------+--------+--------+--------+--------+-----+--------+

Top non-repeatable levels by time:
     D:1: 994 daAuts
     D:2: 899 daAuts
     D:3: 413 daAuts
